 Dungeon Crawl Stone Soup version 0.30-a0-177-g1cb5dbfd7a (webtiles) character file.

Game seed: 16540553062452566099

268 Zonian the Conjurer (level 6, -5/27 (32) HPs)
             Began as a Vine Stalker Reaver on Oct 2, 2022.
             Killed from afar by a steam dragon (11 damage)
             ... with a ball of steam
             ... on level 4 of the Dungeon.
             The game lasted 00:05:27 (3358 turns).

Zonian the Conjurer (Vine Stalker Reaver)           Turns: 3358, Time: 00:05:28

HP:   -5/27 (32)    AC:  3    Str: 14    XL:     6   Next: 21%
MP:   0/10          EV: 12    Int: 13    God:
Gold: 146           SH:  0    Dex: 15    Spells: 8/10 levels left

rFire   . . .      SeeInvis .    a - +0 short sword
rCold   + . .      Faith    .    (no shield)
rNeg    . . .      Spirit   +    e - +1 robe {rC+}
rPois   .          Reflect  .    (no helmet)
rElec   .          Harm     .    (no cloak)
rCorr   .          Rampage  .    (no gloves)
Will    .....                    (no boots)
Stlth   ++........               (no amulet)
HPRegen 1.04/turn                (no ring)
MPRegen 0.12/turn                (no ring)

@: heavily drained
A: fangs 2, regeneration 1, magic shield, antimagic bite, no potion heal 2
a: no special abilities


You were on level 4 of the Dungeon.
You visited 1 branch of the dungeon, and saw 4 of its levels.

You collected 146 gold pieces.

Inventory:

Hand Weapons
 a - a +0 short sword (weapon)
Armour
 b - a +0 leather armour
 e - a +1 robe of cold resistance (worn)
Wands
 p - a wand of iceblast (3)
Scrolls
 f - a scroll of magic mapping
 n - a scroll of silence {unknown}
 o - a scroll of identify {unknown}
 q - a scroll of enchant armour {unknown}
 r - a scroll of fog {unknown}
 s - a scroll of enchant weapon {unknown}
 v - a scroll of amnesia {unknown}
Potions
 c - a potion of degeneration {unknown}
 d - a potion of cancellation {unknown}
 g - a potion of lignification {unknown}
 i - a potion of curing {unknown}
 j - 2 potions of attraction {unknown}
 k - a potion of magic {unknown}
 t - 2 potions of mutation {unknown}
 u - a potion of ambrosia {unknown}


   Skills:
 - Level 2.7 Fighting
 + Level 3.7 Short Blades
 - Level 2.5 Dodging
 - Level 2.6 Stealth
 - Level 2.5 Spellcasting
 - Level 3.8 Conjurations
 - Level 1.5 Necromancy


You had 8 spell levels left.
You knew the following spells:

 Your Spells              Type           Power      Damage    Failure   Level
a - Kiss of Death         Conj/Necr      32%        2d7       9%          1
b - Magic Dart            Conj           44%        1d5       4%          1

Your spell library contained the following spells:

 Spells                   Type           Power      Damage    Failure   Level
 Shock                    Conj/Air       24%        1d4       11%         1
 Momentum Strike          Conj/Tloc      12%        3d8       17%         2
 Hailstorm                Conj/Ice       6%         3d4       32%         3
 Blink                    Tloc           2%         N/A       36%         2
 Call Imp                 Summ           1%         N/A       36%         2
 Mephitic Cloud           Conj/Pois/Air  4%         N/A       41%         3
 Ignite Poison            Fire/Tmut/Pois 1%         N/A       58%         3
 Lesser Beckoning         Tloc           1%         N/A       58%         3
 Swiftness                Air            1%         N/A       58%         3
 Sticky Flame             Conj/Fire      6%         2d3       73%         4
 Airstrike                Air            0%         2d(1-17)  94%         4
 Ignition                 Fire           0%         3d3       100%        8


Dungeon Overview and Level Annotations

Branches:
Dungeon (4/15)
 Temple: D:4-7

Altars:


Innate Abilities, Weirdness & Mutations

You have extremely sharp teeth.
Your natural rate of healing is unusually fast.
When hurt, damage is shared between your health and your magic reserves.
Your bite disrupts and absorbs the magic of your enemies.
Potions cannot restore your health.


Message History

Unknown command.
You hit the steam dragon.
You bite the steam dragon, but do no damage.
The steam dragon is heavily wounded.
Your ball python barely misses the steam dragon.
The steam dragon barely misses you. x2
Your ball python bites the steam dragon.
Unknown command.
You hit the steam dragon.
You bite the steam dragon, but do no damage.
The steam dragon is severely wounded.
Your ball python barely misses the steam dragon.
The steam dragon breathes steam at you. The ball of steam hits you!
* * * LOW HITPOINT WARNING * * *
Your ball python bites the steam dragon but does no damage.
The steam dragon attacks as you move away!
The steam dragon bites you.
* * * LOW HITPOINT WARNING * * *
The steam dragon barely misses you.
Your ball python bites the steam dragon.
Your ball python barely misses the steam dragon.
The steam dragon bites your ball python.
Your ball python dies!
Your ball python's corpse dissolves into shadows!
Your ball python completely misses the steam dragon.
Okay, then.
Okay, then.
Okay, then.
Okay, then.
The steam dragon bites you but does no damage.
The steam dragon misses you.
Your ball python closely misses the steam dragon.
Unknown command.
You hit the steam dragon but do no damage.
You bite the steam dragon. You drain its power.
You feel invigorated.
The steam dragon is severely wounded.
The steam dragon breathes steam at you. The ball of steam hits you!
You die...

,,,,,,,,**
##............
,,,,,,,,,**
##..##.........
,,,,,,,,,,*
#..###.........
,,,,,,,,,,** ##.##
#......... ,,,,,,,,.,,**
##.## #.........
,,,,,,,,...,* ##..#
##........
,,,,,,,,....####..##
###.>..."
,,,,,,,,......§..##***
###....
,,,,,,,,...###.§@#*,,***
##### ,,,,,,,,,,**
###DS.....#***
,,,,,,,,,,*
#........,,**
,,,,,,,,,**
#........,,,** **
**,,,,,,**
*#........,,,,* *,
****,,,**
*.........,,,** *, **,**
**.........,,,* *, ***
*,.[>......,,,* *, *
**,,,,,,,,,,,,,* *,


You could see a steam dragon (catching breath, drained, ally target) and a
friendly ball python (summoned).

Vanquished Creatures
  Sigmund (D:3)
  An iguana (D:4)
  An adder (D:2)
  A worm (D:2)
  2 dart slugs
  An orc (D:3)
  7 ball pythons
  8 endoplasms
  2 giant cockroaches
  4 goblins
  6 hobgoblins
  4 jackals (D:1)
  3 kobolds
  3 quokkas
  A bat (D:2)
  2 frilled lizards
  A rat (D:1)
48 creatures vanquished.

Notes
Turn   | Place    | Note
-------+----------+-------------------------------------------
     0 | D:1      | Zonian the Vine Stalker Reaver began the quest for the Orb.
     0 | D:1      | Reached XP level 1. HP: 11/11 MP: 4/4
   200 | D:1      | Reached XP level 2. HP: 14/15 MP: 4/6
   644 | D:1      | Reached skill level 1 in Stealth
   752 | D:1      | Reached XP level 3. HP: 15/17 MP: 5/7
   992 | D:1      | Learned a level 1 spell: Magic Dart
  1858 | D:2      | Found a faded altar of an unknown god.
  2204 | D:3      | Gained mutation: Your natural rate of healing is unusually
                  | fast. [Vine Stalker growth]
  2204 | D:3      | Reached XP level 4. HP: 23/23 MP: 8/8
  3004 | D:3      | Noticed Sigmund
  3007 | D:3      | Killed Sigmund
  3008 | D:3      | Reached skill level 1 in Necromancy
  3008 | D:3      | Reached XP level 5. HP: 27/27 MP: 7/9
  3008 | D:3      | Reached XP level 6. HP: 32/32 MP: 7/10
  3342 | D:4      | Noticed a steam dragon
  3358 | D:4      | Killed from afar by a steam dragon

Illustrated notes

Levels and vault maps discovered:
D:1:      dpeg_arrival_round_c, layout_basic
D:2:      layout_loops_ring, basic_ecumenical_altar
D:3:      layout_loops_ring, uniq_sigmund
D:4:      layout_cave_pods

Skill      XL: |  1  2  3  4 |
---------------+-------------+-----
Fighting       | 2 |  2.7
Stealth        | 1 2 |  2.6
Dodging        | 2 |  2.5
Short Blades   | 3 |  3.7
Necromancy     | 1 |  1.5
Spellcasting   | |  2.5
Conjurations   | |  3.8

Action                   |  1- 3 |  4- 6 || total
-------------------------+-------+-------++-------
Melee: Short sword       |   133 |    57 ||   190
       Bite              |    32 |    19 ||    51
       Punch             |     1 |     2 ||     3
 Cast: Kiss of Death     |     1 |     1 ||     2
Evoke: Wand              |       |     3 ||     3
  Use: Scroll            |       |     5 ||     5
 Stab: Sleeping          |     4 |     3 ||     7
Armor: Leather armour    |    15 |       ||    15
       Robe              |    14 |    11 ||    25
Dodge: Dodged            |    69 |    30 ||    99

Table legend: (Time is in decaauts)
 A = Elapsed time spent in this place.
 B = Non-inter-level travel time spent in this place.
 C = Inter-level travel time spent in this place.
 D = Time resting spent in this place.
 E = Time spent auto-exploring this place.
 F = Levels seen in this place.
 G = Mean time per level.
                   A        B        C        D        E       F      G
               +--------+--------+--------+--------+--------+-----+--------+
         Total |   3329 |   3228 |    101 |    900 |   1839 |   4 |  832.2 |
       Dungeon |   3329 |   3228 |    101 |    900 |   1839 |   4 |  832.2 |
               +--------+--------+--------+--------+--------+-----+--------+

Top non-repeatable levels by time:
     D:1: 1300 daAuts
     D:3: 1076 daAuts
     D:2: 866 daAuts
     D:4: 86 daAuts
